[Event "*** SCC Grand Prix: Titled Tuesday Blitz"]
[Site "Chess.com"]
[Date "2020.09.08"]
[Round "3"]
[White "Gvetadze"]
[Black "slavenok"]
[Result "1-0"]
[WhiteElo "2442"]
[BlackElo "2722"]
[TimeControl "180+1"]
[EndTime "10:30:07 PDT"]
[Termination "Gvetadze won by resignation"]

1. e4 c5 2. Nf3 a6 3. c4 Nc6 4.
Nc3 e5 5. Be2 Nf6 6. O-O Be7 7.
d3 O-O 8. h3 d6 9. Be3 Be6 10.
a3 h6 11. Rb1 Rb8 12. b4 cxb4 13. axb4 b5 14. cxb5 axb5 15. d4 exd4 16. Nxd4 Nxd4 17. Bxd4 d5 18. e5 Ne4 19. Nxb5 Qd7 20. Nd6 Nxd6 21.
exd6 Bxd6 22. b5 Rfc8 23. b6 Bxh3 24. Ba6 Rd8 25. Qf3 Bf5 26. Bd3 Bg4 27. Qe3 Re8 28.
Bb5 Rxe3 29. Bxd7 Re4 30. Bxg4 Rxd4 31. Bf3 Bb4 32. Rfd1 Rxd1+ 33. Rxd1 Rxb6 34. Rxd5 Kf8 35. Rd7 Be7 36. g3 f6 37. Bd5 Rb5 38. Bc4 Rb2 39.
Rc7 Ke8 40. Be6 g5 41. g4 Rb6 42. Bf5 Bd6 43. Rh7 Rb2 44. Rxh6 Be5 45. Rh3 Bd4 46. Rf3 Ke7 47. Kg2 Kd6 48. Kg3 Ke5 49. Kg2 Rd2 50. Bd3 Rb2 51. Rf5+ Ke6 52. Bc4+ Kd6 53. Rd5+ Kc6 54.
Rxd4 Kc5 55. Re4 Rc2 56. Be2 Kd5 57. Bf3 Kd6 58. Rd4+ 1-0

[Event "*** SCC Grand Prix: Titled Tuesday Blitz"]
[Site "Chess.com"]
[Date "2020.09.08"]
[Round "3"]
[White "Goryachkina"]
[Black "Bacyanide"]
[Result "1/2-1/2"]
[WhiteElo "2604"]
[BlackElo "2408"]
[TimeControl "180+1"]
[EndTime "10:30:07 PDT"]
[Termination "Game drawn by repetition"]

1. e4 c6 2. d4 d5 3. exd5 cxd5 4. Bd3 Nc6 5. c3 Qc7 6. h3 g6 7. Ne2 Bf5 8. Na3 a6 9. Nc2 Nf6 10. Bf4 Qd7 11. Ne3 Bxd3 12. Qxd3 Bg7 13. O-O O-O 14. Nc1 Ne4 15. Nb3 e6 16. Rfe1 b6 17. a4 Rfc8 18. Re2 h6 19. Ng4 h5 20. Ne3 Qd8 21. Nf1 Qf6 22.
Bh2 Qd8 23. Nfd2 Nd6 24. Ree1 Nc4 25. Ra2 N6a5 26. Nxa5 Nxa5 27. Raa1 Nc4 28. Nxc4 Rxc4 29. Be5 b5 30. axb5 axb5 31. Bxg7 Kxg7 32. Rxa8 Qxa8 33.
b3 Rc8 34. b4 Qa3 35. Re3 Qb3 36. Kh2 Qc4 37. Qxc4 Rxc4 38. Kg3 Kf6 39. Kf3 Ke7 40. Ke2 Kd6 41. Rf3 Ke7 42. Kd3 Rc7 43. h4 Kd6 44. Re3 Ra7 45. Re2 Ra6 46. g3 Ra7 47. Rd2 Ra3 48. Re2 f6 49. f4 Ra1 50. Rg2 Rd1+ 51. Ke3 Ra1 52. Kd3 Rd1+ 53. Ke3 Ra1 54. Kd3 1/2-1/2

[Event "*** SCC Grand Prix: Titled Tuesday Blitz"]
[Site "Chess.com"]
[Date "2020.09.08"]
[Round "3"]
[White "Bulatova_Kamaliya"]
[Black "Tactictic"]
[Result "0-1"]
[WhiteElo "2113"]
[BlackElo "2349"]
[TimeControl "180+1"]
[EndTime "10:30:07 PDT"]
[Termination "Tactictic won on time"]

1. Nf3 d5 2. b3 Nf6 3. Bb2 c5 4. e3 Nc6 5. Bb5 e6 6. Ne5 Qc7 7. f4 Bd6 8. O-O O-O 9. Bxc6 bxc6 10. d3 a5 11. Nd2 a4 12. Ndf3 Nd7 13. Nxd7 Bxd7 14.
Ne5 f6 15. Ng4 e5 16. f5 a3 17. Bc1 Rfb8 18. e4 Rb4 19. Bd2 Rbb8 20. Qf3 Kf7 21.
Qh3 Rh8 22. Qh5+ Kf8 23. Nxf6 gxf6 24. Bh6+ Ke7 25. Bg7 Rag8 26. Qh6 Kd8 27. Bxf6+ Be7 28. Bxh8 Rxh8 29. Qg7 Rf8 30. f6 Bd6 31. Qxh7 Kc8 32.
f7 Kb7 33. c4 Be6 34. cxd5 cxd5 35. exd5 Bxd5 36. Rf2 Rxf7 37. Qh4 Rxf2 38. Qxf2 c4 39.
Kh1 cxd3 40. Qd2 e4 41. Rc1 Qb6 42. Re1 Ka6 43. Qg5 Bc6 44. Qg4 Bb4 0-1

[Event "*** SCC Grand Prix: Titled Tuesday Blitz"]
[Site "Chess.com"]
[Date "2020.09.08"]
[Round "3"]
[White "PauloCesarCosta_sad"]
[Black "jamalm2"]
[Result "1-0"]
[WhiteElo "2286"]
[BlackElo "1918"]
[TimeControl "180+1"]
[EndTime "10:30:07 PDT"]
[Termination "PauloCesarCosta_sad won on time"]

1. Nf3 Nf6 2. c4 e6 3. d4 b6 4.
g3 Bb7 5. Bg2 Bb4+ 6. Nc3 O-O 7.
O-O d6 8. Qb3 Bxc3 9. Qxc3 Nbd7 10. b3 Re8 11. Bb2 Qe7 12. Qe3 e5 13. dxe5 dxe5 14. Rad1 h6 15. Bh3 Rad8 16. Nxe5 Nxe5 17. Rxd8 Qxd8 18. Bxe5 Qe7 19. Bxf6 Qxe3 20. fxe3 gxf6 21. Rd1 Rxe3 22. Rd7 Rxe2 23. Rxc7 Be4 24. Rxa7 f5 25. Bf1 Rb2 26. Rd7 Rxa2 27. Rd6 Ra1 28. b4 Rb1 29. b5 Rc1 30. Kf2 Rc2+ 31. Ke3 Rc1 32. Be2 Rc3+ 33. Kd2 Rb3 34. Rxb6 Rb2+ 35. Ke3 Rb3+ 36.
Kf2 Rb2 37. Rd6 Kg7 38. c5 h5 39. c6 h4 40. c7 Bb7 41. Rb6 Bc8 42. Rb8 Bd7 43.
b6 hxg3+ 44. hxg3 f4 45. gxf4 Bb5 46. c8=Q 1-0

[Event "*** SCC Grand Prix: Titled Tuesday Blitz"]
[Site "Chess.com"]
[Date "2020.09.08"]
[Round "3"]
[White "GigaQuparadze"]
[Black "ShapkinAnatoliy"]
[Result "1/2-1/2"]
[WhiteElo "2906"]
[BlackElo "2663"]
[TimeControl "180+1"]
[EndTime "10:30:08 PDT"]
[Termination "Game drawn by agreement"]

1. e4 e5 2. Nf3 Nc6 3. Bb5 Nf6 4. O-O Nxe4 5. d4 Nd6 6. Bxc6 dxc6 7. dxe5 Nf5 8.
Qxd8+ Kxd8 9. Rd1+ Ke8 10. Nc3 Ne7 11. Bg5 h6 12. Bh4 Bf5 13. Nd4 Bh7 14. e6 Nf5 15.
exf7+ Kxf7 16. Nxf5 Bxf5 17. Bg3 Rc8 18. Rac1 Bb4 19.
Ne2 Rhd8 20. Nd4 Bh7 21. c3 Bc5 22. f3 Bxd4+ 23. Rxd4 Rxd4 24. cxd4 Rd8 25. Be5 Rd7 26. Kf2 Bf5 27. Ke3 Be6 28. a3 g5 29. h4 gxh4 30.
Rh1 h3 31. gxh3 Rd8 32. Bxc7 Rg8 33. Rh2 Rg1 34. Be5 Bd5 35. h4 h5 36. Rf2 a5 37.
Bh2 Rd1 38. Bc7 a4 39. Rg2 Rh1 40. Bh2 Rf1 41. Rg3 Rh1 42. Rg2 Rf1 43. Rf2 Rxf2 44.
Kxf2 Kf6 45. Ke3 Kf5 46. Bc7 b5 47. Bd8 Be6 48. Bg5 Bd5 49. f4 Be4 50. Kd2 Bd5 51.
Kc3 Be4 52. Kb4 Bd5 53. Kc5 Be4 54. Kd6 Bd5 55. Ke7 Be4 56. Kf7 Bf3 57. Kg7 Be4 58. Kh6 Bf3 59. Kh7 Be4 60. Kg7 Bg2 61. Bh6 Bf3 62. Kf7 Be4 63. Ke7 Bd5 64. Bg5 Be4 65.
Kd6 Bd5 66. Kc5 Be4 67. Kb4 Bd5 68. Kc3 Be4 69. b3 axb3 70. Kxb3 Bd5+ 71. Kb4 Be4 72. a4 bxa4 73. Kxa4 Bd5 74. Kb4 Be4 75. Kc5 Bd5 76.
Kd6 Be4 77. Ke7 Bd5 78. Kd6 Be4 79. Kc5 Bd5 80. Kb4 Be4 81. Kc3 Bd5 82. Kd3 Be4+ 83. Ke3 Bd5 84. Bd8 Be4 85. Bc7 Bd5 1/2-1/2

[Event "*** SCC Grand Prix: Titled Tuesday Blitz"]
[Site "Chess.com"]
[Date "2020.09.08"]
[Round "3"]
[White "ViktoriyaTarasova"]
[Black "Legendinunknown"]
[Result "0-1"]
[WhiteElo "2220"]
[BlackElo "2630"]
[TimeControl "180+1"]
[EndTime "10:30:11 PDT"]
[Termination "Legendinunknown won by resignation"]

1. d4 d5 2. c4 c6 3. Nf3 Nf6 4. Nc3 e6 5. Bg5 h6 6. Bxf6 Qxf6 7. Qb3 g6 8. e4 dxe4 9. Nxe4 Qe7 10. Bd3 Qb4+ 11.
Qxb4 Bxb4+ 12. Ke2 Be7 13. Rhe1 Nd7 14. Rad1 b6 15. Kf1 Bb7 16. Ne5 Nxe5 17. dxe5 O-O-O 18. Bc2 Kc7 19. Ke2 c5 20. Rxd8 Rxd8 21. Rd1 Rb8 22. f4 Bc6 23. a4 h5 24. g3 a6 25. Nd6 Bxd6 26. Rxd6 b5 27. axb5 axb5 28. b3 bxc4 29.
bxc4 Rb2 30. Kd3 Be4+ 31. Kxe4 Rxc2 32. Ra6 Rxc4+ 33. Kd3 Rb4 34. Ra8 Kd7 35. Rf8 Ke7 36.
Rc8 Rb2 37. Rc7+ Kf8 38. Rxc5 Rxh2 39. Ke4 Rh3 40. Kf3 h4 41. Kg4 Rxg3+ 42. Kxh4 Rg1 43. Rc7 Kg7 44. Rd7 Rg2 45. Rb7 Rg1 46. Rd7 g5+ 47. fxg5 Re1 48. Kg4 Re4+ 49. Kh5 Rxe5 50. Ra7 Rd5 51. Kg4 Kg6 52. Ra8 Rxg5+ 53. Kf4 Rb5 54. Ke4 Kf6 55. Ra1 Rb4+ 56. Ke3 e5 57. Rf1+ Ke6 58.
Ra1 Rb6 59. Ra5 f5 60. Kf3 Rb3+ 61. Ke2 f4 62. Ra6+ Kf5 63. Ra8 0-1

[Event "*** SCC Grand Prix: Titled Tuesday Blitz"]
[Site "Chess.com"]
[Date "2020.09.08"]
[Round "3"]
[White "SilviusTiberius"]
[Black "OscarAng"]
[Result "1/2-1/2"]
[WhiteElo "2489"]
[BlackElo "2244"]
[TimeControl "180+1"]
[EndTime "10:30:11 PDT"]
[Termination "Game drawn by repetition"]

1. e4 d5 2. exd5 Qxd5 3. Nf3 c6 4. d4 Nf6 5. Be2 Bg4 6. h3 Bh5 7. O-O e6 8. c4 Qd8 9. Nc3 Be7 10. Be3 O-O 11. g4 Bg6 12. Ne5 Nbd7 13. f4 Qc7 14. g5 Nxe5 15. gxf6 Nxc4 16. fxe7 Nxe3 17. exf8=Q+ Rxf8 18. Qd2 Nxf1 19. Bxf1 Rd8 20. Rd1 h6 21. Qe3 Qb6 22.
Rd2 a5 23. Be2 Bf5 24. Bg4 Bg6 25. h4 Qb4 26. h5 Bh7 27. a3 Qe7 28. Kg2 b5 29. Kg3 b4 30. Na4 bxa3 31. Qxa3 Qf6 32. Qe3 g5 33. fxg5 hxg5 34. Nc5 e5 35. Rf2 Qf4+ 36. Qxf4 exf4+ 37. Kh3 Rxd4 38. Re2 Rc4 39. Re8+ Kg7 40. Nd7 Rb4 41. h6+ Kxh6 42. Nf6 Kg7 43. Nxh7 Kxh7 44. Bf5+ Kg7 45. Kg4 f6 46. Re7+ Kf8 47.
Rd7 Rxb2 48. Kh5 Rb5 49. Kg6 Rd5 50. Rc7 Rd6 51. Rc8+ Ke7 52. Rc7+ Kd8 53. Rc8+ Ke7 54.
Rc7+ Kd8 55. Rc8+ Ke7 1/2-1/2

[Event "*** SCC Grand Prix: Titled Tuesday Blitz"]
[Site "Chess.com"]
[Date "2020.09.08"]
[Round "3"]
[White "jamik13"]
[Black "Pikachess999"]
[Result "1-0"]
[WhiteElo "2202"]
[BlackElo "2392"]
[TimeControl "180+1"]
[EndTime "10:30:11 PDT"]
[Termination "jamik13 won on time"]

1. e4 e6 2. d4 d5 3. Nc3 Nf6 4. Bg5 Be7 5. e5 Nfd7 6. h4 h6 7. Bxe7 Qxe7 8. Qg4 O-O 9. Bd3 c5 10. Nf3 Nc6 11. Nb5 cxd4 12. Qg3 a6 13. Nbxd4 Nxd4 14. Nxd4 Qb4+ 15. c3 Qxb2 16. O-O Qb6 17. Rab1 Qc7 18.
f4 Nc5 19. Bc2 f5 20. exf6 Rxf6 21. Qe3 Bd7 22. h5 Raf8 23. g3 Bc8 24. Rfe1 Ne4 25. Bxe4 dxe4 26. Rbc1 e5 27. Ne2 Bg4 28. Qxe4 Bxe2 29.
Rxe2 exf4 30. Qd5+ Kh8 31. gxf4 Qxf4 32. Rd1 Rf5 33.
Qd4 Qg5+ 34. Rg2 Qf6 35. Qxf6 R5xf6 36. Rd7 R8f7 37. Rxf7 Rxf7 38. Rd2 Kh7 39. Kg2 Rc7 40.
Rd3 g6 41. hxg6+ Kxg6 42. Kg3 Rc6 43. Kf4 h5 44. Rg3+ Kf6 45. Rh3 Kg6 46. Rg3+ Kf6 47. Rd3 Rc4+ 48. Kg3 1-0

[Event "*** SCC Grand Prix: Titled Tuesday Blitz"]
[Site "Chess.com"]
[Date "2020.09.08"]
[Round "3"]
[White "ChessWarrior3"]
[Black "MashaFromRussia"]
[Result "0-1"]
[WhiteElo "2154"]
[BlackElo "2369"]
[TimeControl "180+1"]
[EndTime "10:30:11 PDT"]
[Termination "MashaFromRussia won by resignation"]

1. e4 c5 2. Nf3 Nc6 3. d4 cxd4 4.
Nxd4 Nf6 5. Nc3 e5 6. Ndb5 d6 7.
Bg5 a6 8. Na3 b5 9. Bxf6 gxf6 10.
Nd5 f5 11. Bd3 Be6 12. O-O Bg7 13. c3 O-O 14. Re1 Rc8 15. Qh5 fxe4 16. Bxe4 f5 17. Bf3 e4 18. Rad1 Bf7 19. Qxf5 exf3 20. Qxf3 Ne5 21.
Qg3 Kh8 22. f4 Ng6 23. f5 Ne5 24. Rf1 Bxd5 25. Rxd5 Qf6 26. Nc2 Rg8 27. Qh3 Rc4 28.
Rd4 Nc6 29. Rdf4 Rxf4 30. Rxf4 b4 31. Rh4 h6 32. Nxb4 Nxb4 33. Rxb4 Qe5 34. Qg3 Qxf5 35. Qf2 Qb1+ 36. Qf1 Qg6 37. h3 Rf8 38. Qe1 Be5 39. Rg4 Qd3 40. Qc1 Kh7 41. Rh4 Rf6 42. Rb4 Bg3 43.
Rb7+ Kg6 44. Re7 Bf2+ 45. Kh1 Bc5 46. Re1 a5 47. a3 a4 48. Qd1 Qxd1 49. Rxd1 Rf2 50.
Rb1 Kf5 51. Kh2 Ke4 52. Kg3 Kd3 53. h4 Kc2 54. Kh3 Kxb1 0-1

[Event "*** SCC Grand Prix: Titled Tuesday Blitz"]
[Site "Chess.com"]
[Date "2020.09.08"]
[Round "3"]
[White "LyonBeast"]
[Black "Arjun2002"]
[Result "1/2-1/2"]
[WhiteElo "3017"]
[BlackElo "2723"]
[TimeControl "180+1"]
[EndTime "10:30:12 PDT"]
[Termination "Game drawn by repetition"]

1. c4 c6 2. Nf3 d5 3. e3 Nf6 4. b3 e6 5. Bb2 Bd6 6. Be2 O-O 7. O-O Nbd7 8. d4 b6 9. Nbd2 Bb7 10. Rc1 Qe7 11. Ne5 c5 12. Bf3 Rac8 13. Re1 Rfd8 14. Nxd7 Rxd7 15. dxc5 Bxc5 16. Qe2 Rcd8 17. cxd5 Bxd5 18.
Nc4 h6 19. Ne5 Rd6 20. Bxd5 Nxd5 21. a3 a5 22. Nd3 Nf4 23. Qg4 f5 24. Qxf4 Rxd3 25.
Qa4 Qd7 26. Qc4 Qd5 27. b4 axb4 28. axb4 Qxc4 29. Rxc4 Bf8 30. Bd4 b5 31. Rc6 Bxb4 32. Rf1 Bd6 33. f4 b4 34. Rb6 Rd7 35. g3 Kf7 36.
Ra1 Ra3 37. Rc1 Ra2 38. Rcc6 Be7 39. h4 Bf6 40. Rxb4 Bxd4 41. Rxd4 Rxd4 42. exd4 Rd2 43. Rc7+ Kf6 44. Rd7 h5 45. Kf1 g6 46. Kg1 Rc2 47. Kf1 Rd2 48. Kg1 Rc2 49. Rb7 Rd2 50. Rb4 Ke7 51.
Kf1 Kf6 52. Ke1 Ra2 53. Rb3 Rg2 54. Re3 Ra2 55. Re2 Ra3 56. Kf2 Rd3 57. Re3 Rxd4 58. Ra3 Rd6 59. Kf3 e5 60. fxe5+ Kxe5 61. Ra5+ Kf6 62.
Ra3 Re6 63. Ra8 Ke5 64. Ra5+ Kf6 65. Ra4 Rd6 66. Ra3 Ke5 67. Ra5+ Rd5 68. Ra3 Rd6 1/2-1/2

[Event "*** SCC Grand Prix: Titled Tuesday Blitz"]
[Site "Chess.com"]
[Date "2020.09.08"]
[Round "3"]
[White "GM_LOADING"]
[Black "DishonorOnYourCow"]
[Result "1-0"]
[WhiteElo "2548"]
[BlackElo "2348"]
[TimeControl "180+1"]
[EndTime "10:30:12 PDT"]
[Termination "GM_LOADING won by resignation"]

1. e4 c5 2. Nf3 d6 3. d4 cxd4 4. Nxd4 Nf6 5. Nc3 a6 6. Be2 e5 7.
Nf3 Be7 8. O-O O-O 9. Bg5 h6 10.
Bxf6 Bxf6 11. Nd5 Nc6 12. a4 Be6 13. Bc4 Rc8 14. Ba2 Bg5 15. c3 Ne7 16. Qd3 Rc5 17.
Nxe7+ Qxe7 18. Bxe6 Qxe6 19. Rfd1 Rd8 20. h4 Be7 21. g3 d5 22. Qe2 dxe4 23. Rxd8+ Bxd8 24. Qxe4 Qe7 25. Rd1 Qc7 26. Qf5 Bf6 27. Kg2 Qc6 28. Qd7 Qxd7 29. Rxd7 b5 30. axb5 Rxb5 31. Rd2 a5 32.
Re2 a4 33. Ne1 Rb3 34. Rc2 a3 35. bxa3 Rxa3 36. c4 Ra6 37. c5 Rc6 38. Nd3 Be7 39. Kf3 f6 40. Ke4 Kf7 41. Kd5 Rc8 42. c6 Rd8+ 43. Ke4 Ke6 44. g4 Rc8 45. h5 Rc7 46. f4 exf4 47. Nxf4+ Kd6 48. Nd5 Rc8 49. Nxe7 Kxe7 50.
Kf5 Kf7 51. c7 Ke7 52. Kg6 Kd7 53. Kxg7 1-0

[Event "*** SCC Grand Prix: Titled Tuesday Blitz"]
[Site "Chess.com"]
[Date "2020.09.08"]
[Round "3"]
[White "Resignify"]
[Black "elohunter1999"]
[Result "0-1"]
[WhiteElo "2227"]
[BlackElo "2447"]
[TimeControl "180+1"]
[EndTime "10:30:12 PDT"]
[Termination "elohunter1999 won on time"]

1. e4 e5 2. Nf3 Nc6 3. Bb5 a6 4. Ba4 Nf6 5. O-O b5 6. Bb3 Bc5 7. c3 d6 8. d4 Bb6 9. Re1 O-O 10.
h3 Bb7 11. a4 h6 12. dxe5 Nxe5 13. Nxe5 dxe5 14. Nd2 Qe7 15. Qf3 Rad8 16. Nf1 c5 17.
axb5 axb5 18. Bc2 Kh7 19. Ng3 g6 20. Be3 Ng8 21. Qe2 Bc6 22. b4 Rb8 23. Ra6 Qc7 24.
Rxb6 Qxb6 25. Bxc5 Qc7 26. Bxf8 Rxf8 27. Bd3 Nf6 28.
Bxb5 Bxb5 29. Qxb5 Qxc3 30. Rd1 Qc2 31. Qd3 Qc7 32.
Qd6 Qxd6 33. Rxd6 Kg7 34. Rb6 Rc8 35. Kh2 Rc2 36. Nh1 h5 37. g3 Nxe4 38. b5 Nxf2 39.
Nxf2 Rxf2+ 40. Kg1 Rb2 41. Rb7 Kf6 42. b6 Ke6 43.
Rb8 Kf6 44. Rb7 Kg7 45. Rb8 e4 46. Re8 f5 47. Re7+ Kf6 48. Rb7 Ke5 49. Rb8 Kd4 50. b7 Ke3 51. g4 hxg4 52. hxg4 f4 53. Re8 Rxb7 54. Re6 f3 55. Re5 Rb1+ 0-1

[Event "*** SCC Grand Prix: Titled Tuesday Blitz"]
[Site "Chess.com"]
[Date "2020.09.08"]
[Round "3"]
[White "anasta10"]
[Black "SergeyKarjakin"]
[Result "0-1"]
[WhiteElo "2462"]
[BlackElo "2961"]
[TimeControl "180+1"]
[EndTime "10:30:14 PDT"]
[Termination "SergeyKarjakin won on time"]

1. d4 d5 2. c4 c6 3. cxd5 cxd5 4. Nc3 Nc6 5. Bf4 Nf6 6. e3 Bg4 7. Qb3 Na5 8. Qa4+ Bd7 9. Qc2 e6 10. Nf3 Rc8 11. Bd3 Bb4 12. O-O O-O 13. Ne5 h6 14. Rac1 a6 15. Bg3 Bxc3 16. bxc3 Bb5 17. Bxb5 axb5 18. Qb2 Ne4 19. Qxb5 Nxc3 20. Qd3 Ne4 21. Qa3 Ra8 22. Qb4 f6 23. Nd3 Rf7 24. Nc5 Nxc5 25.
Rxc5 Nc4 26. Rb5 b6 27. a4 Rfa7 28. Ra1 Ra6 29. e4 R8a7 30. exd5 exd5 31. h3 Qa8 32.
Qb3 Rxa4 33. Rxa4 Rxa4 34. Kh2 Ra5 35. Rb4 Qc6 36. Qd3 Qe6 37. Rb1 Ra2 38. Qb3 Re2 39. Qd3 Qe4 40. Qd1 h5 41. h4 Ne3 42.
Qg1 Ng4+ 43. Kh1 Qxd4 44. Rd1 Nxf2+ 45. Bxf2 Qxf2 46. Qxf2 Rxf2 47. Rxd5 Rc2 48. Rxh5 Rc5 0-1

[Event "*** SCC Grand Prix: Titled Tuesday Blitz"]
[Site "Chess.com"]
[Date "2020.09.08"]
[Round "3"]
[White "Oligan22"]
[Black "Sanyura"]
[Result "0-1"]
[WhiteElo "2457"]
[BlackElo "2547"]
[TimeControl "180+1"]
[EndTime "10:30:14 PDT"]
[Termination "Sanyura won by resignation"]

1. e4 c6 2. d4 d5 3. e5 Bf5 4. h4 h5 5. c4 e6 6. Nc3 Qa5 7. cxd5 cxd5 8. Nf3 Nc6 9. Bd3 Bg4 10.
Be3 Nge7 11. a3 Nf5 12. Bxf5 Bxf5 13. O-O Be7 14. Ng5 Bg6 15. b4 Qd8 16. f4 Bf5 17. Rc1 a5 18. b5 Na7 19. a4 Nc8 20. Ne2 Nb6 21. Ng3 Bg4 22. Qb3 Nc4 23. f5 Bxg5 24.
Bxg5 Qb6 25. Rxc4 dxc4 26. Qxc4 O-O 27. f6 g6 28. Be3 Rac8 29. Qd3 Rfd8 30. Qe4 Rd5 31.
Qf4 Qd8 32. Ne4 Rc2 33. Nd6 Qf8 34. Nxb7 Ra2 35. Nc5 Rc2 36. Qe4 Rb2 37. Kh2 Bf5 38. Kg3 Bxe4 39. Nxe4 Qa3 40. Ng5 Qxe3+ 41. Rf3 Qd2 42.
Ne4 Qxg2+ 43. Kf4 Qg4+ 44. Ke3 Qxe4+ 45. Kxe4 Rb4 46. Rd3 Rxa4 47. Rb3 Rb4 48. Ke3 Rxb3+ 0-1

[Event "*** SCC Grand Prix: Titled Tuesday Blitz"]
[Site "Chess.com"]
[Date "2020.09.08"]
[Round "3"]
[White "chegueps"]
[Black "Sultanasharminshirin"]
[Result "1-0"]
[WhiteElo "2469"]
[BlackElo "2014"]
[TimeControl "180+1"]
[EndTime "10:30:14 PDT"]
[Termination "chegueps won on time"]

1. d4 d5 2. c4 c6 3. Nf3 Nf6 4. e3 Bg4 5. Nc3 e6 6. Bd3 Nbd7 7. h3 Bh5 8. Qb3 Qc7 9. Bd2 Bd6 10. Rc1 dxc4 11.
Bxc4 Bxf3 12. gxf3 O-O 13. f4 a6 14. a4 Rab8 15.
a5 Qd8 16. Na4 Qe7 17. Rg1 c5 18. Bc3 cxd4 19. Bxd4 e5 20. fxe5 Nxe5 21. Be2 Bb4+ 22. Kf1 Bxa5 23. Bc5 Ne4 24. Bxe7 Nd2+ 25. Kg2 Nxb3 26.
Rcd1 Rfe8 27. Bd6 Rbc8 28. Rd5 Ng6 29. Bd1 b5 30. Bxb3 bxa4 31. Bxa4 Red8 32. Rgd1 Bb6 33. b4 h6 34. Kg3 Nf8 35. Bc5 Rxd5 36. Rxd5 Bc7+ 37. Kf3 Ne6 38. Bd7 Rd8 39. Be7 Ng5+ 40. Kg4 f5+ 41. Kxf5 Re8 42. Bxe8 Nxh3 43. Kg6 Ng5 44. Bxg5 hxg5 45. Bf7+ Kf8 46. Rd7 Be5 47. Rb7 Bc3 48. Rb6 a5 49. Re6 1-0

[Event "*** SCC Grand Prix: Titled Tuesday Blitz"]
[Site "Chess.com"]
[Date "2020.09.08"]
[Round "3"]
[White "fabianvivasz"]
[Black "Bayernbk"]
[Result "0-1"]
[WhiteElo "2297"]
[BlackElo "2523"]
[TimeControl "180+1"]
[EndTime "10:30:15 PDT"]
[Termination "Bayernbk won by resignation"]

1. e4 e6 2. d4 d5 3. Nd2 c5 4. Ngf3 cxd4 5. Nxd4 Nc6 6. Bb5 Bd7 7. Bxc6 bxc6 8. O-O Bd6 9. c4 dxe4 10. Nxe4 Bxh2+ 11. Kxh2 Qh4+ 12. Kg1 Qxe4 13. Re1 Qg6 14. Qf3 Ne7 15. Re4 h5 16. b3 Rc8 17. Re5 f6 18. Ra5 e5 19. Ba3 Rc7 20. Bd6 Rb7 21. Bxe7 exd4 22.
Re1 Kf7 23. Bd6 Re8 24. Rxe8 Bxe8 25. Bc5 d3 26. Qe3 Qf5 27. Rxa7 Rxa7 28. Bxa7 Qd7 29.
Qd2 Qxa7 30. Qxd3 Qxa2 31. b4 Qa1+ 32. Kh2 Qe5+ 33. g3 h4 34. Kg2 hxg3 35. fxg3 Ke7 36. c5 Bd7 37. Kf2 Be6 38. Qe3 Qxe3+ 39. Kxe3 Bc4 40. Kd4 Bb5 41. Ke4 Ke6 42. Kf4 g6 43. Ke4 f5+ 44. Kf4 Kf6 45. g4 fxg4 46. Kxg4 Ke5 47.
Kg5 Kd4 48. Kxg6 Kc4 49. Kf5 Kxb4 50. Ke4 Kxc5 51. Ke3 Kb4 52. Kd2 c5 53. Kc2 c4 54.
Kb2 c3+ 55. Kc2 Kc4 56. Kc1 Kb3 57. Kb1 c2+ 58. Kc1 Ba4 59. Kd2 Kb2 0-1

[Event "*** SCC Grand Prix: Titled Tuesday Blitz"]
[Site "Chess.com"]
[Date "2020.09.08"]
[Round "3"]
[White "Kaslask"]
[Black "Sn00pPawn"]
[Result "0-1"]
[WhiteElo "2289"]
[BlackElo "2024"]
[TimeControl "180+1"]
[EndTime "10:30:15 PDT"]
[Termination "Sn00pPawn won by checkmate"]

1. d4 Nf6 2. c4 g6 3. Nc3 Bg7 4. e4 O-O 5. Be2 d6 6. Be3 b6 7.
g4 c5 8. d5 e6 9. g5 Ne8 10. Qd2 Bb7 11. h4 Nc7 12. f4 b5 13. Nf3 b4 14. Nd1 exd5 15. cxd5 Re8 16. Nf2 a5 17. h5 a4 18. hxg6 fxg6 19. Bc4 a3 20. Kf1 axb2 21. Rb1 Ra3 22. Ng4 Rxe4 23. Bd3 Bxd5 24. Nf6+ Bxf6 25. gxf6 Qxf6 26. Bxe4 Bxe4 27. Rh3 Bxb1 28. Ne5 Qxe5 29. fxe5 Bd3+ 30. Kf2 b1=Q 31. exd6 Qf1+ 32. Kg3 Ne6 33. Bf2 Nd7 34. Qh6 Bf5+ 35.
Be3 Rxe3+ 36. Qxe3 Qxh3+ 37. Kf2 Qxe3+ 38. Kxe3 Kf8 39. Kd2 h5 40. a4 h4 41. a5 Nd4 42. a6 Be4 43. Ke3 Bc6 44. Kf2 g5 45.
Kg1 g4 46. Kh2 h3 47. Kg3 Ke8 48. a7 Ba8 49. Kh2 Kd8 50. Kg1 g3 51. Kf1 h2 52. Ke1 h1=Q+ 53. Kd2 Qf3 54. Ke1 Qe2# 0-1

[Event "*** SCC Grand Prix: Titled Tuesday Blitz"]
[Site "Chess.com"]
[Date "2020.09.08"]
[Round "3"]
[White "Batcu"]
[Black "Zhani-Z"]
[Result "0-1"]
[WhiteElo "2248"]
[BlackElo "2502"]
[TimeControl "180+1"]
[EndTime "10:30:16 PDT"]
[Termination "Zhani-Z won on time"]

1. d4 Nf6 2. c4 e6 3. Nf3 Bb4+ 4. Nbd2 O-O 5. a3 Be7 6. e4 d6 7. Bd3 e5 8. dxe5 dxe5 9. Nxe5 Re8 10. Qc2 Bc5 11. Nef3 Ng4 12. O-O Nc6 13. b4 Bxf2+ 14. Rxf2 Nxf2 15. Kxf2 Nd4 16. Qc3 Ne6 17. Bb2 f6 18. c5 Nf4 19. Bc4+ Be6 20. Nd4 Bxc4 21. Qxc4+ Kh8 22. g3 Nh3+ 23. Kg2 Ng5 24. Re1 Qd7 25. N4f3 Rad8 26. Re2 Qh3+ 27. Kg1 Ne6 28. e5 f5 29. Nf1 Qh5 30. Rf2 f4 31. Qxf4 Nxf4 32. gxf4 Rf8 33.
Ng3 Qg4 34. f5 Rd1+ 35. Kg2 Rd3 36. e6 Re8 37. Re2 Kg8 38. Ne5 Qf3+ 39. Kg1 Rb3 40. Nxf3 Rxf3 41. Rd2 Rb3 42. Rc2 Rd3 43. Be5 Rd1+ 44.
Kg2 Re1 45. Re2 Rxe2+ 46. Nxe2 g6 47. Nd4 gxf5 48. Nxf5 Rxe6 0-1

[Event "*** SCC Grand Prix: Titled Tuesday Blitz"]
[Site "Chess.com"]
[Date "2020.09.08"]
[Round "3"]
[White "Chess_Dog06"]
[Black "Margency"]
[Result "0-1"]
[WhiteElo "2267"]
[BlackElo "2660"]
[TimeControl "180+1"]
[EndTime "10:30:16 PDT"]
[Termination "Margency won by resignation"]

1. Nf3 Nf6 2. g3 g6 3. Bg2 Bg7 4. O-O d5 5. d4 O-O 6. c4 dxc4 7. Nbd2 c3 8. bxc3 c5 9. e3 Nc6 10. Ba3 Nd7 11. Qa4 a6 12. Rac1 b5 13. Qc2 Bb7 14.
Rfd1 Qa5 15. Bb2 Rac8 16. Ba1 Rfd8 17. Qb1 Qa4 18. Qb3 Nb6 19. dxc5 Na5 20. Qxa4 Nxa4 21. Nd4 Bxg2 22. Kxg2 Nxc5 23. N2b3 Ncb7 24. Bb2 Nc4 25. Ba1 e5 26. Nf3 Kf8 27. Kf1 Ke8 28. Ke2 h6 29. Rxd8+ Rxd8 30. Rd1 Rc8 31. Nfd2 Nbd6 32. Nxc4 Nxc4 33.
Nd2 Ke7 34. Nxc4 Rxc4 35. Bb2 Ra4 36. a3 e4 37. Kd2 Rc4 38. Kc2 f5 39. Kb3 h5 40. Rd5 Bf6 41. Rd1 Ke6 42. Ra1 Kd5 43. Rd1+ Kc6 44. Ra1 h4 45. a4 Rxa4 46. Rxa4 bxa4+ 47.
Kxa4 Kc5 48. Kb3 h3 49. Ba3+ Kc6 50. Kc4 a5 51. Bf8 g5 52. Ba3 Be5 53. Be7 f4 54. Bxg5 fxg3 55. fxg3 Bxg3 56. Bf4 Bxf4 57. exf4 a4 58.
f5 a3 59. Kb3 e3 60. f6 Kd6 0-1

[Event "*** SCC Grand Prix: Titled Tuesday Blitz"]
[Site "Chess.com"]
[Date "2020.09.08"]
[Round "3"]
[White "chessbia"]
[Black "awesomevishesh"]
[Result "0-1"]
[WhiteElo "2166"]
[BlackElo "2392"]
[TimeControl "180+1"]
[EndTime "10:30:16 PDT"]
[Termination "awesomevishesh won on time"]

1. d4 Nf6 2. c4 g6 3. Nc3 Bg7 4.
e4 d6 5. h3 O-O 6. Be3 Na6 7. g4 c5 8. d5 e6 9. dxe6 Bxe6 10.
Nf3 Re8 11. Be2 Nc7 12. O-O h5 13. Nd2 hxg4 14. hxg4 Nh7 15. Kg2 b5 16. cxb5 d5 17. exd5 Nxd5 18. Nxd5 Bxd5+ 19. Bf3 Bxb2 20. Rb1 Bd4 21. Bxd4 cxd4 22. a4 Ng5 23. Rb4 Nxf3 24.
Nxf3 Re4 25. Kh3 Rf4 26. Nh2 Qf6 27. f3 Kg7 28. Kg2 Rh8 29. Qe1 Qg5 30. Qg3 Qf6 31.
Rf2 g5 32. Nf1 Qg6 33. Nd2 Qh6 34. Kf1 Qh1+ 35. Ke2 Qc1 36. Rxd4 Re8+ 37. Kd3 Rxd4+ 38. Kxd4 Qb2+ 39. Kxd5 Rd8+ 40. Kc5 Qd4+ 41. Kc6 Qd7+ 42. Kc5 Rc8+ 43. Kb4 Qd4+ 44. Ka5 Qb6+ 45. Kb4 Qc5+ 46.
Ka5 Qc3+ 47. Ka6 Qd4 0-1